[Event "ICC tourney 2520 (60 10)"]
[Site "Internet Chess Club"]
[Date "2021.04.17"]
[Round "2"]
[White "RYSIN, MARK G:LionsMarkR"]
[Black "DUARTE, ERIC:Erick2020"]
[Result "1-0"]
[ICCResult "Black checkmated"]
[WhiteElo "795"]
[BlackElo "552"]
[Opening "Sicilian: wing gambit, Marshall variation"]
[ECO "B20"]
[NIC "SI.48"]
[Time "13:29:27"]
[PlyCount "55"]
[TimeControl "3600+10"]

1. e4 c5 2. b4 cxb4 3. a3 e6 4. Nf3 bxa3 5. Nxa3 Qa5 6. Be2 g6 7. Bb2 Bd6
8. Bxh8 Bxa3 9. Bb2 Nf6 10. Rxa3 Qb4 11. Rb3 Qd6 12. Bxf6 e5 13. Bxe5 Qe6
14. Rc3 f6 15. Rxc8+ Kf7 16. Rxb8 Rxb8 17. Bxb8 Qxe4 18. Be5 fxe5 19. Ng5+
Kf6 20. Nxe4+ Kf5 21. Nd6+ Ke6 22. Nxb7 d6 23. Qb1 d5 24. Qa2 Kf5 25. Qxa7
e4 26. Qb6 Ke5 27. Qd6+ Kd4 28. c3# { Black checkmated } 1-0

[Event "ICC tourney 2520 (60 10)"]
[Site "Internet Chess Club"]
[Date "2021.04.17"]
[Round "2"]
[White "Zinder, Eyden:EydenZ"]
[Black "ROBINSON, LEO:LeoRps130"]
[Result "1-0"]
[ICCResult "Black checkmated"]
[WhiteElo "647"]
[BlackElo "335"]
[Opening "Scotch gambit: Dubois-Réti defense"]
[ECO "C55"]
[NIC "KP.02"]
[Time "13:29:59"]
[PlyCount "57"]
[TimeControl "3600+10"]

1. e4 e5 2. Nf3 Nc6 3. Bc4 Nf6 4. d4 exd4 5. Nxd4 Nxd4 6. Qxd4 d6 7. Nc3 c6
8. Bg5 c5 9. Qd2 h6 10. Bh4 Be7 11. O-O Ng4 12. h3 Bxh4 13. Rae1 Ne5 14.
Bd5 O-O 15. a3 Qe8 16. Re2 Be6 17. Bxe6 Qxe6 18. Nd5 Nc4 19. Qf4 Nxb2 20.
Qxh4 Nc4 21. Nc7 Qc8 22. Nxa8 Qxa8 23. Rd1 Re8 24. Rd3 Ne5 25. Rg3 g6 26.
Qxh6 f6 27. f4 Nc4 28. Qxg6+ Kf8 29. Qg7# { Black checkmated } 1-0

[Event "ICC tourney 2520 (60 10)"]
[Site "Internet Chess Club"]
[Date "2021.04.17"]
[Round "2"]
[White "LEUNG, OLIVIA:OliviaL"]
[Black "WILLIAMS, WILES:WilesWps139"]
[Result "1-0"]
[ICCResult "Black checkmated"]
[WhiteElo "458"]
[BlackElo "148"]
[Opening "Ruy Lopez: Berlin defense, open variation"]
[ECO "C67"]
[NIC "RL.07"]
[Time "13:29:31"]
[PlyCount "67"]
[TimeControl "3600+10"]

1. e4 e5 2. Nf3 Nc6 3. Bb5 Nf6 4. O-O Nxe4 5. Bxc6 dxc6 6. Qe1 Qd5 7. d3 f5
8. dxe4 fxe4 9. Nc3 Qe6 10. Ng5 Qf5 11. Ncxe4 c5 12. Be3 Bd7 13. Rd1 O-O-O
14. h3 Bb5 15. Rxd8+ Kxd8 16. Qd1+ Kc8 17. Re1 Bd6 18. Nxd6+ Kd8 19. Ndf7+
Ke8 20. Nxh8 Bd7 21. Bxc5 Qxg5 22. Qd5 Bc6 23. Qxe5+ Kd7 24. Qxg5 h6 25.
Qxg7+ Kd8 26. Qe7+ Kc8 27. Re4 b5 28. Re6 Bd5 29. Re5 Bxa2 30. Qe8+ Kb7 31.
Bxa7 Kxa7 32. Qc6 Bb1 33. Rxb5 Bxc2 34. Qb7# { Black checkmated } 1-0

[Event "ICC tourney 2520 (60 10)"]
[Site "Internet Chess Club"]
[Date "2021.04.17"]
[Round "2"]
[White "PRAHLAD, ATMAN DEV:AtmanDev"]
[Black "ADAMS, MAXIMILIAN:maxadams"]
[Result "1-0"]
[ICCResult "Black checkmated"]
[WhiteElo "699"]
[BlackElo "448"]
[Opening "Queen's gambit accepted"]
[ECO "D20"]
[NIC "QG.03"]
[Time "13:29:32"]
[PlyCount "75"]
[TimeControl "3600+10"]

1. d4 d5 2. c4 dxc4 3. e3 Nc6 4. Bxc4 Nf6 5. Nf3 Bf5 6. O-O e6 7. Nc3 Bb4
8. Bd2 Bg4 9. h3 Bxh3 10. gxh3 O-O 11. a3 Bd6 12. Re1 Re8 13. Qc2 e5 14.
dxe5 Nxe5 15. Nxe5 Rxe5 16. Kf1 Nh5 17. Bb3 Qh4 18. Ke2 Qxh3 19. Rh1 Qg4+
20. f3 Nf4+ 21. Kd1 Qxf3+ 22. Kc1 Qxh1+ 23. Qd1 Qg2 24. exf4 Re7 25. Kb1
Rae8 26. Bc2 Qg3 27. Qh5 h6 28. Qf5 g6 29. Qd3 Bxf4 30. Bxf4 Qxf4 31. Nd5
Re1+ 32. Ka2 Qd6 33. Rxe1 Rxe1 34. Bb3 Qh2 35. Qf3 Qg1 36. Nf6+ Kg7 37.
Ne8+ Kf8 38. Qxf7# { Black checkmated } 1-0

[Event "ICC tourney 2520 (60 10)"]
[Site "Internet Chess Club"]
[Date "2021.04.17"]
[Round "2"]
[White "CALABIA, CONNOR:Connor4Chess"]
[Black "REGELMANN, QUINN:Qregelmann"]
[Result "0-1"]
[ICCResult "White checkmated"]
[WhiteElo "496"]
[BlackElo "774"]
[Opening "Bishop's opening"]
[ECO "C23"]
[NIC "IG.04"]
[Time "13:29:20"]
[PlyCount "94"]
[TimeControl "3600+10"]

1. e4 e5 2. Bc4 Nc6 3. Qh5 g6 4. Qf3 Nf6 5. c3 Bg7 6. d3 O-O 7. Nh3 a6 8.
Qg3 b5 9. Qh4 bxc4 10. Ng5 cxd3 11. c4 Nd4 12. b3 Nc2+ 13. Kd1 Nxa1 14. Bb2
Nc2 15. Bxe5 h6 16. Bxf6 Qxf6 17. Nf3 Qxh4 18. Nxh4 Re8 19. f3 Re6 20. Nc3
Rd6 21. Nd5 c6 22. e5 Bxe5 23. f4 cxd5 24. fxe5 Re6 25. Nf3 f6 26. cxd5 Rb6
27. Kd2 fxe5 28. Kxd3 Nb4+ 29. Ke4 d6 30. g4 Bxg4 31. h3 Bxf3+ 32. Kxf3
Nxd5 33. h4 Rb4 34. Kg3 Rf4 35. h5 g5 36. Rh3 Rh4 37. Rxh4 gxh4+ 38. Kxh4
Rf8 39. a3 e4 40. b4 Nxb4 41. axb4 e3 42. b5 axb5 43. Kg4 e2 44. Kh4 e1=Q+
45. Kg4 Qg1+ 46. Kh4 Rf2 47. Kh3 Rh2# { White checkmated } 0-1

[Event "ICC tourney 2520 (60 10)"]
[Site "Internet Chess Club"]
[Date "2021.04.17"]
[Round "2"]
[White "Agarwal, Rohan:rohanagarwal"]
[Black "Kim, Ethan:EthanJKps11"]
[Result "1/2-1/2"]
[ICCResult "White stalemated"]
[WhiteElo "179"]
[BlackElo "497"]
[Opening "Ruy Lopez: Berlin defense"]
[ECO "C65"]
[NIC "RL.07"]
[Time "13:29:26"]
[PlyCount "148"]
[TimeControl "3600+10"]

1. e4 e5 2. Nf3 Nc6 3. Bb5 Nf6 4. Bxc6 dxc6 5. O-O Bc5 6. Nxe5 O-O 7. Nc3
Bd4 8. Nc4 Bg4 9. Qe1 Bxc3 10. dxc3 Re8 11. Nd2 Bf5 12. b3 Bxe4 13. Nxe4
Rxe4 14. Qd1 Qe7 15. Bg5 Rd8 16. Qb1 Qe5 17. Bxf6 Qxf6 18. Rd1 Rxd1+ 19.
Qxd1 h6 20. h3 Qg5 21. Rb1 Re6 22. Qd7 Rg6 23. Qg4 Qxg4 24. hxg4 Rxg4 25.
Re1 Kf8 26. Rd1 Ke8 27. Re1+ Kd8 28. Rd1+ Kc8 29. Re1 f6 30. Re7 g5 31. Rh7
Rh4 32. Rf7 f5 33. Rxf5 Re4 34. Rf8+ Kd7 35. Rg8 Re2 36. Kf1 Rxc2 37. Rg6
Rxc3 38. Rxh6 Rc2 39. Rg6 Rxa2 40. Rxg5 Ra3 41. b4 Rb3 42. Rg4 Ke6 43. Rg7
Rxb4 44. Rxc7 a5 45. Rc8 a4 46. Ra8 b5 47. Ra7 Kd6 48. Ke1 Kc5 49. Kd2 Kb6
50. Ra8 Rb2+ 51. Kc3 Rxf2 52. g4 Rg2 53. Rg8 a3 54. Kb3 a2 55. Ra8 Rxg4 56.
Rxa2 Ra4 57. Rc2 Rc4 58. Rd2 c5 59. Rd6+ Ka5 60. Rd8 Rb4+ 61. Ka3 Rd4 62.
Ra8+ Kb6 63. Rb8+ Kc7 64. Ra8 Ra4+ 65. Rxa4 bxa4 66. Kxa4 Kb6 67. Kb3 Kb5
68. Kc3 c4 69. Kc2 Kb4 70. Kc1 c3 71. Kc2 Kc4 72. Kc1 Kd3 73. Kd1 c2+ 74.
Kc1 Kc3 { White stalemated } 1/2-1/2

[Event "ICC tourney 2520 (60 10)"]
[Site "Internet Chess Club"]
[Date "2021.04.17"]
[Round "2"]
[White "AU, JINXIAN DENNIS:Brawlstars"]
[Black "Pearlman, Russell:russellpearlman"]
[Result "1-0"]
[ICCResult "Black checkmated"]
[WhiteElo "504"]
[BlackElo "178"]
[Opening "Four knights: Italian variation"]
[ECO "C55"]
[NIC "IG.01"]
[Time "13:29:19"]
[PlyCount "45"]
[TimeControl "3600+10"]

1. e4 e5 2. Nf3 Nc6 3. Bc4 Nf6 4. Nc3 g6 5. O-O Bg7 6. d3 O-O 7. Bg5 d6 8.
h3 h6 9. Be3 Bd7 10. Qd2 Qe7 11. a3 Rae8 12. Rad1 Na5 13. Ba2 c5 14. Nd5
Nxd5 15. Bxd5 Bc6 16. Qxa5 Bxd5 17. exd5 b6 18. Qd2 e4 19. dxe4 Qxe4 20.
Bxh6 Bxh6 21. Qxh6 Qxc2 22. Ng5 f6 23. Qh7# { Black checkmated } 1-0

[Event "ICC tourney 2520 (60 10)"]
[Site "Internet Chess Club"]
[Date "2021.04.17"]
[Round "2"]
[White "FOFANA, MARYAM:RPIMaryam"]
[Black "MUREN, MILES W:GryffindorChess"]
[Result "0-1"]
[ICCResult "White checkmated"]
[WhiteElo "100"]
[BlackElo "626"]
[Opening "Ruy Lopez: Berlin defense, 4.O-O, d6"]
[ECO "C66"]
[NIC "RL.02"]
[Time "13:29:45"]
[PlyCount "62"]
[TimeControl "3600+10"]

1. e4 e5 2. Nf3 Nc6 3. Bb5 d6 4. O-O Nf6 5. d3 Be7 6. Bg5 h6 7. Bh4 O-O 8.
Nc3 Bg4 9. Qe2 Nd4 10. Qe3 Nxc2 11. Qe2 Nxa1 12. Rxa1 c6 13. Ba4 b5 14. Bb3
Bxf3 15. Qxf3 a5 16. Bc2 a4 17. b3 a3 18. b4 Rb8 19. Nb1 Ra8 20. d4 exd4
21. Nxa3 Qb6 22. Nb1 c5 23. bxc5 dxc5 24. Qd3 c4 25. Qf3 Rfe8 26. a4 Nd7
27. Bxe7 Rxe7 28. Qf5 Re5 29. Qxd7 d3 30. Bd1 Rxe4 31. Bf3 Re1# { White
checkmated } 0-1

[Event "ICC tourney 2520 (60 10)"]
[Site "Internet Chess Club"]
[Date "2021.04.17"]
[Round "2"]
[White "ROSO, LIAM:lr31"]
[Black "BABENKO, NAOMI:Naomib"]
[Result "1-0"]
[ICCResult "Black checkmated"]
[WhiteElo "627"]
[BlackElo "100"]
[Opening "Scotch game"]
[ECO "C45"]
[NIC "SO.04"]
[Time "13:29:36"]
[PlyCount "83"]
[TimeControl "3600+10"]

1. e4 e5 2. Nf3 Nc6 3. d4 exd4 4. Nxd4 Nxd4 5. Qxd4 Be7 6. Qxg7 Bf6 7. Qg4
Qe7 8. Nc3 b6 9. Bd3 Bb7 10. O-O O-O-O 11. Bf4 Ba8 12. Bh6 Nxh6 13. Qh5 Bg7
14. Ba6+ Kb8 15. Rad1 Bxc3 16. bxc3 Bxe4 17. Qxh6 Rhg8 18. g3 Qa3 19. Bc4
Qxa2 20. Bxa2 a5 21. Bxf7 Rh8 22. Rfe1 Bc6 23. Qg7 Bf3 24. Rd3 Be4 25. Rxe4
a4 26. Kg2 a3 27. Kf3 a2 28. Re1 b5 29. Ra1 b4 30. Rxa2 bxc3 31. Rxc3 d6
32. Rb3+ Kc8 33. Ra8+ Kd7 34. Bh5+ Ke6 35. Bg4+ Kd5 36. Rd3+ Kc6 37. Qc3+
Kb5 38. Qb3+ Kc5 39. Ra5+ Kc6 40. Qc3+ Kb7 41. Rb5+ Ka7 42. Qa5# { Black
checkmated } 1-0

[Event "ICC tourney 2520 (60 10)"]
[Site "Internet Chess Club"]
[Date "2021.04.17"]
[Round "2"]
[White "CHUGANI, ASHVIN:Ashvinc"]
[Black "ALAGAPPAN, MUTHU KUMARAN:MKAL2012"]
[Result "1-0"]
[ICCResult "Black checkmated"]
[WhiteElo "549"]
[BlackElo "791"]
[Opening "Sicilian: Taimanov variation"]
[ECO "B45"]
[NIC "SI.39"]
[Time "13:29:24"]
[PlyCount "77"]
[TimeControl "3600+10"]

1. e4 c5 2. Nf3 Nc6 3. d4 cxd4 4. Nxd4 e6 5. Nc3 Nxd4 6. Qxd4 a6 7. Bd3 f6
8. Qa4 b5 9. Bxb5 Bb4 10. Qxb4 axb5 11. Qxb5 Ne7 12. Qb3 Ba6 13. Nb5 O-O
14. Nd6 Rb8 15. Qa3 Ra8 16. Qb3 Rb8 17. Qg3 e5 18. c4 Rb6 19. Bh6 g6 20.
Nf5 Rf7 21. Nxe7+ Qxe7 22. Qe3 Rxb2 23. O-O Bxc4 24. Qc3 Qb4 25. Bd2 Qb5
26. a4 Qb3 27. Qxb3 Rxb3 28. Rfc1 Bd3 29. Bh6 Rb8 30. a5 Ba6 31. Rd1 g5 32.
Rd6 Bb7 33. a6 Ba8 34. a7 Rb7 35. Rdd1 Rc7 36. Rdb1 Rc8 37. Rb8 Rxb8 38.
axb8=Q+ Rf8 39. Qxf8# { Black checkmated } 1-0

[Event "ICC tourney 2520 (60 10)"]
[Site "Internet Chess Club"]
[Date "2021.04.17"]
[Round "2"]
[White "CHOKSHI, AAYUSH:ChessChampion21"]
[Black "Cruz, Hyland:HydeCruz"]
[Result "0-1"]
[ICCResult "White checkmated"]
[WhiteElo "449"]
[BlackElo "703"]
[Opening "Four knights: Spanish, classical defense"]
[ECO "C48"]
[NIC "KP.03"]
[Time "13:29:45"]
[PlyCount "76"]
[TimeControl "3600+10"]

1. e4 e5 2. Nf3 Nc6 3. Nc3 Nf6 4. Bb5 Bc5 5. Nxe5 Nxe5 6. d4 Ng6 7. dxc5 c6
8. Bd3 d5 9. exd5 cxd5 10. Bb5+ Bd7 11. Qe2+ Ne7 12. Bxd7+ Qxd7 13. Bg5 Qf5
14. Bxf6 Qxf6 15. Nxd5 Qg5 16. f4 Qxd5 17. O-O Qxc5+ 18. Kh1 O-O 19. Rae1
Nf5 20. Rf3 Nd4 21. Qf2 Rac8 22. c3 Nxf3 23. Qxf3 Qb5 24. b3 Qa6 25. c4
Qxa2 26. Qc3 Rfd8 27. h3 Rd2 28. Qe5 h6 29. Ra1 Qc2 30. Qe1 Rxg2 31. Qg1
Rxg1+ 32. Kxg1 Qd3 33. Rxa7 Qd4+ 34. Kg2 Qxa7 35. Kg3 Qa2 36. Kg4 Qg2+ 37.
Kh4 g5+ 38. fxg5 Qxg5# { White checkmated } 0-1

[Event "ICC tourney 2520 (60 10)"]
[Site "Internet Chess Club"]
[Date "2021.04.17"]
[Round "2"]
[White "GOURVITCH, GUY:GuyGPS77"]
[Black "BIRUDAVOLU, SATHVIK:Vikki24"]
[Result "0-1"]
[ICCResult "White checkmated"]
[WhiteElo "273"]
[BlackElo "631"]
[Opening "Three knights game"]
[ECO "C46"]
[NIC "KP.06"]
[Time "13:29:35"]
[PlyCount "36"]
[TimeControl "3600+10"]

1. e4 e5 2. Nf3 Nc6 3. Nc3 Bc5 4. Bc4 h6 5. d3 d6 6. Bf4 exf4 7. O-O Nf6 8.
Rc1 O-O 9. Qd2 Bg4 10. Ng5 hxg5 11. Rfe1 Nd4 12. e5 dxe5 13. Rxe5 Qd6 14.
Rxg5 Bh3 15. gxh3 Nf3+ 16. Kg2 Nxd2 17. Re1 Qc6+ 18. f3 Qxf3# { White
checkmated } 0-1

[Event "ICC tourney 2520 (60 10)"]
[Site "Internet Chess Club"]
[Date "2021.04.17"]
[Round "2"]
[White "SONG, OLIVIA:dratini11"]
[Black "GOLDSAND, MAX:MaxGR"]
[Result "0-1"]
[ICCResult "White checkmated"]
[WhiteElo "319"]
[BlackElo "654"]
[Opening "Sicilian defense"]
[ECO "B30"]
[NIC "SI.31"]
[Time "13:30:06"]
[PlyCount "116"]
[TimeControl "3600+10"]

1. e4 c5 2. Nf3 Nc6 3. Bc4 d6 4. O-O Nf6 5. Nc3 g6 6. d3 Bg7 7. Bg5 O-O 8.
Qe2 Be6 9. Bxe6 fxe6 10. h3 d5 11. exd5 exd5 12. Nxd5 Nxd5 13. c4 Nf6 14.
Bxf6 exf6 15. b4 cxb4 16. a3 bxa3 17. Rxa3 Re8 18. Qb2 b6 19. c5 f5 20. d4
Nxd4 21. Nxd4 Bxd4 22. Qd2 Bxc5 23. Qxd8 Rexd8 24. Rc3 Rac8 25. Rf3 Kg7 26.
Rf4 Rd4 27. Rxd4 Bxd4 28. g4 fxg4 29. hxg4 g5 30. Kg2 Rf8 31. f3 h6 32. f4
Rxf4 33. Re1 Kf7 34. Re2 Rf2+ 35. Rxf2+ Bxf2 36. Kxf2 Ke6 37. Ke3 Kd5 38.
Kf3 a5 39. Ke2 Kd4 40. Kd1 Ke3 41. Kc1 a4 42. Kb1 Kf3 43. Ka2 Kxg4 44. Ka3
h5 45. Kxa4 h4 46. Kb3 h3 47. Kc2 h2 48. Kd1 h1=Q+ 49. Ke2 b5 50. Kd3 Qc1
51. Kd4 b4 52. Kd5 b3 53. Kd4 b2 54. Kd5 b1=Q 55. Kd4 Qb4+ 56. Kd5 Qh1+ 57.
Ke5 Qh2+ 58. Kd5 Qhd6# { White checkmated } 0-1

[Event "ICC tourney 2520 (60 10)"]
[Site "Internet Chess Club"]
[Date "2021.04.17"]
[Round "2"]
[White "SHRESTHA, AYAN:knight-vision"]
[Black "Voukadinov, Gary:GaryVouka"]
[Result "1-0"]
[ICCResult "Black resigns"]
[WhiteElo "283"]
[BlackElo "563"]
[Opening "Four knights: Italian variation"]
[ECO "C28"]
[NIC "VG.02"]
[Time "13:29:25"]
[PlyCount "93"]
[TimeControl "3600+10"]

1. e4 e5 2. Bc4 Nf6 3. Nc3 Nc6 4. Nf3 Bb4 5. a3 Bxc3 6. bxc3 Nxe4 7. Qe2
Nf6 8. d3 O-O 9. O-O Re8 10. Re1 d6 11. d4 exd4 12. Qf1 Ne4 13. Bd3 Ng3 14.
fxg3 Ne5 15. Nxe5 dxe5 16. cxd4 exd4 17. Bd2 b6 18. Rab1 Bb7 19. Re2 Re6
20. Rbe1 Rf6 21. Re8+ Qxe8 22. Rxe8+ Rxe8 23. Qd1 Rfe6 24. Kf2 Rf6+ 25. Kg1
a6 26. Bg5 Rfe6 27. Bd2 h6 28. Kf2 Rf6+ 29. Kg1 Be4 30. Bc4 Re5 31. Be2
Ref5 32. Bb4 Re5 33. Bc4 a5 34. Bd2 Ref5 35. Be2 Bxg2 36. Kxg2 Rf2+ 37. Kh3
g5 38. Kg4 c5 39. Bd3 Rxh2 40. Bf1 h5+ 41. Kxg5 Rh1 42. Kxf6 Rg1 43. Bf4
Rh1 44. Kg5 Kg7 45. Be5+ Kh7 46. Qf3 Kg8 47. Qxh1 { Black resigns } 1-0

[Event "ICC tourney 2520 (60 10)"]
[Site "Internet Chess Club"]
[Date "2021.04.17"]
[Round "2"]
[White "ZHANG, JERRY TIANCHEN:jerry65321"]
[Black "Feldman, Julian:DaltonTiger"]
[Result "1-0"]
[ICCResult "Black checkmated"]
[WhiteElo "633"]
[BlackElo "246"]
[Opening "Two knights defense, Perreux variation"]
[ECO "C55"]
[NIC "KP.02"]
[Time "13:29:55"]
[PlyCount "75"]
[TimeControl "3600+10"]

1. e4 e5 2. Nf3 Nc6 3. d4 exd4 4. Bc4 Nf6 5. Ng5 Qe7 6. Nxf7 Qb4+ 7. c3
Qxc4 8. Nxh8 d6 9. Nd2 Qe6 10. O-O Bd7 11. Nf3 O-O-O 12. cxd4 Be7 13. d5
Qxe4 14. dxc6 Bxc6 15. Re1 Qg4 16. h3 Qh5 17. Rxe7 Rxh8 18. a3 Ne4 19. Be3
g5 20. b4 g4 21. hxg4 Qxg4 22. a4 Nc3 23. Qd4 Ne2+ 24. Kf1 Nxd4 25. Bxd4
Qg3 26. fxg3 Bxf3 27. Bxh8 Kd8 28. Bf6 Kc8 29. gxf3 b6 30. b5 a5 31. Rxh7
c5 32. bxc6 d5 33. g4 d4 34. g5 d3 35. g6 d2 36. g7 d1=Q+ 37. Rxd1 b5 38.
g8=Q# { Black checkmated } 1-0

[Event "ICC tourney 2520 (60 10)"]
[Site "Internet Chess Club"]
[Date "2021.04.17"]
[Round "2"]
[White "WANG, ARSTON:randomplayer533"]
[Black "PARAOAN, HADLEY:Bigcitypanda"]
[Result "1-0"]
[ICCResult "Black checkmated"]
[WhiteElo "757"]
[BlackElo "479"]
[Opening "Four knights game"]
[ECO "C47"]
[NIC "KP.06"]
[Time "13:34:15"]
[PlyCount "57"]
[TimeControl "3600+10"]

1. e4 e5 2. Nf3 Nc6 3. Nc3 Nf6 4. h3 Bb4 5. a3 Bxc3 6. dxc3 Nxe4 7. Qe2 d5
8. c4 Bf5 9. g4 Bg6 10. cxd5 Qxd5 11. Be3 O-O 12. Bg2 Nd4 13. Bxd4 exd4 14.
O-O Rfe8 15. Qd1 Rad8 16. Re1 Qb5 17. b4 d3 18. cxd3 Rxd3 19. Qc2 Rd5 20.
Nh4 Ng5 21. Nxg6 Rxe1+ 22. Rxe1 Rd8 23. Qxc7 Ra8 24. Ne7+ Kf8 25. Bxb7 Re8
26. Bc6 Nxh3+ 27. Kh2 Qd3 28. Ng6+ Qxg6 29. Rxe8# { Black checkmated } 1-0

[Event "ICC tourney 2520 (60 10)"]
[Site "Internet Chess Club"]
[Date "2021.04.17"]
[Round "2"]
[White "WARREN, MICHAEL C:c30mw"]
[Black "GORDON, RYAN:RJMagnus"]
[Result "1-0"]
[ICCResult "Black checkmated"]
[WhiteElo "264"]
[BlackElo "633"]
[Opening "Two knights defense"]
[ECO "C59"]
[NIC "KP.01"]
[Time "13:29:34"]
[PlyCount "81"]
[TimeControl "3600+10"]

1. e4 e5 2. Nf3 Nc6 3. Bc4 Nf6 4. Ng5 d5 5. exd5 Na5 6. Bb5+ c6 7. dxc6
bxc6 8. Be2 Bd6 9. O-O O-O 10. Nc3 Nd5 11. Nxd5 cxd5 12. d4 Be7 13. Nf3 e4
14. Ne5 Qd6 15. Bg4 Bxg4 16. Qxg4 Bf6 17. Bf4 g6 18. Nxg6 Qc6 19. Nxf8+
Kxf8 20. Bh6+ Ke7 21. Rac1 Bxd4 22. Bg5+ Kf8 23. Rfd1 Bxb2 24. Rb1 Qxc2 25.
Bh6+ Ke7 26. Qg5+ f6 27. Qg7+ Ke6 28. Qg4+ Ke7 29. Qh5 Nc6 30. Qxd5 Rd8 31.
Qh5 Bd4 32. Rb7+ Kd6 33. Bf4+ Ne5 34. Bxe5+ fxe5 35. Qh6+ Kc5 36. Rc7+ Kb5
37. Rxc2 Bb2 38. Rxd8 Bd4 39. Rd5+ Kb4 40. Qd2+ Ka3 41. Ra5# { Black
checkmated } 1-0

[Event "ICC tourney 2520 (60 10)"]
[Site "Internet Chess Club"]
[Date "2021.04.17"]
[Round "2"]
[White "CARROLL, MAX Isaac:MaxCarroll"]
[Black "SHEININ, MARK:marksheinin"]
[Result "1-0"]
[ICCResult "Black checkmated"]
[WhiteElo "477"]
[BlackElo "748"]
[Opening "Ruy Lopez: four knights (Tarrasch) variation"]
[ECO "C48"]
[NIC "KP.03"]
[Time "13:29:12"]
[PlyCount "185"]
[TimeControl "3600+10"]

1. e4 e5 2. Nf3 Nc6 3. Bb5 Nf6 4. Nc3 a6 5. Ba4 b5 6. Bb3 Nd4 7. Nxd4 exd4
8. Nd5 Nxd5 9. Bxd5 c6 10. Bb3 a5 11. Qf3 Qe7 12. c3 a4 13. Bc2 dxc3 14.
dxc3 d5 15. O-O dxe4 16. Qxe4 Qxe4 17. Bxe4 Bb7 18. Bf4 Bc5 19. Rad1 O-O
20. Rfe1 h6 21. b4 axb3 22. axb3 b4 23. c4 Ra3 24. Bc2 Bc8 25. Rd2 Bb6 26.
Red1 c5 27. h3 Ra7 28. Rd6 Bc7 29. R6d3 Bxf4 30. Rd8 Ra8 31. Bh7+ Kxh7 32.
Rxf8 Bb7 33. Rxf7 Bxg2 34. Kxg2 Bg5 35. Rdd7 Rg8 36. Rd5 Kg6 37. Rff5 Be7
38. Rfe5 Bf6 39. Re6 Kf7 40. Rc6 Bd4 41. Rd7+ Ke8 42. Rb7 Kd8 43. Rd6+ Kc8
44. Rbd7 Rf8 45. f3 g5 46. Re7 h5 47. Ra7 Kb8 48. Rdd7 Re8 49. Rdb7+ Kc8
50. Rc7+ Kb8 51. Rcb7+ Kc8 52. Ra8+ Kxb7 53. Rxe8 h4 54. Kf1 Kc6 55. Ke2
Kd7 56. Rf8 Ke7 57. Rg8 Bf6 58. Ke3 Ke6 59. Ke4 Kf7 60. Rc8 Be7 61. Kd5 Kf6
62. Rxc5 Bxc5 63. Kxc5 Ke6 64. Kxb4 Kd6 65. Kb5 Kc7 66. c5 Kb7 67. c6+ Kc7
68. Kc5 Kc8 69. b4 Kc7 70. b5 Kc8 71. b6 g4 72. fxg4 Kb8 73. g5 Kc8 74. g6
Kd8 75. g7 Ke7 76. g8=Q Kf6 77. Qf8+ Kg6 78. Qe7 Kh5 79. Kd5 Kg6 80. Ke5
Kh5 81. Kf5 Kh6 82. Qxh4+ Kg7 83. Qg5+ Kf8 84. Qf6+ Ke8 85. Qg7 Kd8 86. c7+
Kc8 87. Qg8+ Kb7 88. Qb8+ Kc6 89. c8=Q+ Kd5 90. Qd8+ Kc4 91. Qbc7+ Kb5 92.
Qd5+ Ka6 93. Qcb7# { Black checkmated } 1-0

[Event "ICC tourney 2520 (60 10)"]
[Site "Internet Chess Club"]
[Date "2021.04.17"]
[Round "2"]
[White "MOGHE, ARJUN CHAITANYA:Galactico7"]
[Black "HARTSEL, AUGUST:augustha"]
[Result "1/2-1/2"]
[ICCResult "Game drawn because neither player has mating material"]
[WhiteElo "340"]
[BlackElo "670"]
[Opening "French: advance variation"]
[ECO "C02"]
[NIC "FR.03"]
[Time "13:30:06"]
[PlyCount "113"]
[TimeControl "3600+10"]

1. e4 e6 2. d4 d5 3. e5 c5 4. c3 cxd4 5. cxd4 Nc6 6. Nf3 Qb6 7. Nc3 Be7 8.
Bd3 Bd7 9. Be3 f6 10. exf6 Bxf6 11. b3 Nge7 12. O-O O-O 13. Re1 Kh8 14. Na4
Qb4 15. Bd2 Qd6 16. Be3 Nb4 17. Be2 Bxa4 18. bxa4 Nbc6 19. Rb1 b6 20. Bd3
Rac8 21. Rc1 Nb4 22. Qb3 Nxd3 23. Qxd3 Rxc1 24. Rxc1 Rc8 25. Rxc8+ Nxc8 26.
g3 Qb4 27. Qb5 Qxb5 28. axb5 Kg8 29. Kf1 Kf7 30. Ke2 Kg6 31. Bf4 Kf5 32.
Ke3 h6 33. h3 g5 34. Bc7 h5 35. Bb8 g4 36. hxg4+ hxg4 37. Ne1 Bg5+ 38. Kd3
Be7 39. f3 gxf3 40. Nxf3 Kg4 41. Ne5+ Kg5 42. Nc6 Bd6 43. Bxd6 Nxd6 44.
Nxa7 Kg4 45. Nc6 Nf7 46. a4 Kxg3 47. a5 bxa5 48. Nxa5 Nd6 49. b6 Kf4 50. b7
Nxb7 51. Nxb7 e5 52. dxe5 Kxe5 53. Nc5 Kd6 54. Ne4+ Ke5 55. Nc3 d4 56. Ne2
Kd5 57. Nxd4 { Game drawn because neither player has mating material }
1/2-1/2

[Event "ICC tourney 2520 (60 10)"]
[Site "Internet Chess Club"]
[Date "2021.04.17"]
[Round "3"]
[White "GOMEZ, ARONNY:Aronny0512"]
[Black "CICCIA, MARTINA:MartinaC"]
[Result "0-1"]
[ICCResult "White checkmated"]
[WhiteElo "100"]
[BlackElo "263"]
[Opening "Vienna game"]
[ECO "C26"]
[NIC "VG.02"]
[Time "16:31:20"]
[PlyCount "24"]
[TimeControl "3600+10"]

1. e4 e5 2. Nc3 Nf6 3. Bc4 Bc5 4. d3 O-O 5. Nf3 Nc6 6. O-O Ng4 7. Ng5 d5 8.
Bxd5 Nd4 9. Ne6 Bxe6 10. f3 Nxf3+ 11. Kh1 Qh4 12. Rxf3 Qxh2# { White
checkmated } 0-1

[Event "ICC tourney 2520 (60 10)"]
[Site "Internet Chess Club"]
[Date "2021.04.17"]
[Round "3"]
[White "Kim, Ethan:EthanJKps11"]
[Black "GIORGIO, FRANCESCA:FrankieG"]
[Result "1-0"]
[ICCResult "Black checkmated"]
[WhiteElo "497"]
[BlackElo "284"]
[Opening "two knights defense: Fegatello attack"]
[ECO "C57"]
[NIC "KP.01"]
[Time "16:31:17"]
[PlyCount "45"]
[TimeControl "3600+10"]

1. e4 e5 2. Nf3 Nc6 3. Bc4 Nf6 4. Ng5 d5 5. exd5 Nxd5 6. Nxf7 Kxf7 7. Qf3+
Ke8 8. Qxd5 Qe7 9. O-O Bf5 10. Re1 Qe6 11. Rxe5 Qxe5 12. h3 Qe1+ 13. Kh2
Bd6+ 14. g3 Kd7 15. Qxf5+ Ke7 16. Nc3 Nd4 17. Qg5+ Kd7 18. Qxg7+ Kc6 19.
Qxd4 Bc5 20. Qd5+ Kb6 21. Na4+ Ka5 22. Qxc5+ Kxa4 23. Qb5# { Black
checkmated } 1-0

[Event "ICC tourney 2520 (60 10)"]
[Site "Internet Chess Club"]
[Date "2021.04.17"]
[Round "3"]
[White "DENG, HOPE:Hopetiger"]
[Black "HACKETT, NORA:NoraHps77"]
[Result "1-0"]
[ICCResult "Black checkmated"]
[WhiteElo "330"]
[BlackElo "160"]
[Opening "Four knights: Scotch, 4...exd4"]
[ECO "C47"]
[NIC "KP.06"]
[Time "16:31:26"]
[PlyCount "51"]
[TimeControl "3600+10"]

1. e4 e5 2. Nf3 Nc6 3. Nc3 Nf6 4. d4 exd4 5. Nxd4 Nxd4 6. Qxd4 Nxe4 7.
Qxe4+ Be7 8. Bd3 O-O 9. O-O d5 10. Nxd5 c6 11. Nc3 Bf5 12. Qxf5 g6 13. Qe4
Qb8 14. Re1 f5 15. Qe3 Bd8 16. Re2 Bb6 17. Qe6+ Kh8 18. Qe7 Bc5 19. Qe4
fxe4 20. Rxe4 g5 21. Re5 Bd6 22. Re4 g4 23. Rxg4 Rg8 24. Re4 Qe8 25. Rh4
Qd8 26. Rxh7# { Black checkmated } 1-0

[Event "ICC tourney 2520 (60 10)"]
[Site "Internet Chess Club"]
[Date "2021.04.17"]
[Round "3"]
[White "VELAMOOR, MILIN:milin2012"]
[Black "Ramkumar, Nikhil:nikhilramkumar"]
[Result "0-1"]
[ICCResult "White checkmated"]
[WhiteElo "100"]
[BlackElo "667"]
[Opening "King's pawn game"]
[ECO "C44"]
[NIC "KP.07"]
[Time "16:30:58"]
[PlyCount "48"]
[TimeControl "3600+10"]

1. e4 e5 2. Nf3 Nc6 3. d3 Bc5 4. Bg5 Nf6 5. Nc3 h6 6. Bh4 Be7 7. Nb5 a6 8.
Nc3 Nh7 9. d4 exd4 10. Nxd4 Bxh4 11. Nxc6 dxc6 12. Qxd8+ Bxd8 13. Bd3 Be6
14. O-O O-O 15. b3 Bf6 16. e5 Bxe5 17. Rae1 Bxc3 18. Re3 Bf6 19. Bxh7+ Kxh7
20. Rd1 Rfd8 21. Rde1 Rd2 22. Rc3 Bxc3 23. Rxe6 Rd1+ 24. Re1 Rxe1# { White
checkmated } 0-1